 Dungeon Crawl Stone Soup version 0.26-a0-610-g3e9335bbc7 (webtiles) character file.

Game seed: 13353370903927991069

1739 Gargoyl the Skirmisher (level 9, -8/73 HPs)
             Began as a Gnoll Abyssal Knight on Sept 4, 2020.
             Was an Elder of Lugonu.
             Mangled by an orc warrior
             ... wielding a +0 glaive
              (26 damage)
             ... on level 6 of the Dungeon.
             The game lasted 00:09:11 (5187 turns).

Gargoyl the Skirmisher (Gnoll Abyssal Knight)       Turns: 5187, Time: 00:09:12

Health: -8/73      AC: 15    Str: 29    XL:     9   Next: 5%
Magic:  6/14       EV: 12    Int: 14    God:    Lugonu [****..]
Gold:   333        SH:  5    Dex: 16    Spells: 15/15 levels left

rFire    . . .     SeeInvis .   a - +4 hand axe
rCold    . . .     Faith    .   (no shield)
rNeg     . . .     Spirit   .   f - +3 chain mail of the Armoured One {-Tele Harm Regen+}
rPois    .         Reflect  +   r - +0 helmet
rElec    .         Harm     +   (no cloak)
rCorr    .         NoTele   +   (no gloves)
MR       .....                  z - +0 pair of boots
Stlth    ..........             n - amulet of reflection
HPRegen  0.62/turn              b - +6 ring of strength
MPRegen  0.14/turn              v - +6 ring of strength

@: no status effects
A: distributed training, fangs 1, strong nose
a: Depart the Abyss, Bend Space, Banish, Corrupt, Renounce Religion


You were on level 6 of the Dungeon.
You worshipped Lugonu.
Lugonu was greatly pleased with you.
You visited 1 branch of the dungeon, and saw 6 of its levels.
You visited the Abyss 1 time.
You also visited: Sewer.

You collected 333 gold pieces.

Inventory:

Hand Weapons
 a - a +4 hand axe (weapon)
Missiles
 s - 4 boomerangs
 w - 5 silver boomerangs (quivered)
Armour
 f - the +3 chain mail of the Armoured One (worn) {-Tele Harm Regen+}
   (You found it on level 2 of the Abyss)

   It prevents most forms of teleportation.
   It increases your rate of regeneration.
   It increases damage dealt and taken.
 r - a +0 helmet (worn)
 u - a +0 plate armour
 z - a +0 pair of boots (worn)
Jewellery
 b - a +6 ring of strength (left hand)
 n - an amulet of reflection (around neck)
 v - a +6 ring of strength (right hand)
 C - an uncursed ring of protection from magic {unknown}
 D - a +6 ring of strength
Wands
 h - a wand of disintegration (20)
 B - a wand of polymorph (10)
Scrolls
 c - a scroll of identify
 l - 4 scrolls of teleportation
 y - 2 scrolls of remove curse
 E - a scroll of silence {unknown}
 F - a scroll of fear
Potions
 d - 4 potions of haste
 e - a potion of resistance
 g - a potion of brilliance
 i - 3 potions of flight
 j - a potion of invisibility
 k - a potion of cancellation
 o - a potion of magic {unknown}
 p - a potion of berserk rage {unknown}
 q - a potion of curing
 t - 2 potions of might {unknown}
 x - a potion of lignification {unknown}
 A - a potion of stabbing {unknown}


   Skills:
 + Level 7.6 Fighting
 + Level 3.8 Short Blades
 + Level 3.8 Long Blades
 + Level 6.0 Axes
 + Level 3.8 Maces & Flails
 + Level 3.8 Polearms
 + Level 3.8 Staves
 + Level 3.8 Slings
 + Level 3.8 Bows
 + Level 3.8 Crossbows
 + Level 3.8 Throwing
 + Level 6.0 Armour
 + Level 4.7 Dodging
 + Level 3.8 Stealth
 + Level 3.8 Shields
 + Level 3.8 Unarmed Combat
 + Level 3.8 Spellcasting
 + Level 3.1 Conjurations
 + Level 3.1 Hexes
 + Level 3.1 Summonings
 + Level 3.1 Necromancy
 + Level 3.1 Translocations
 + Level 3.1 Transmutations
 + Level 3.1 Fire Magic
 + Level 3.1 Ice Magic
 + Level 3.1 Air Magic
 + Level 3.1 Earth Magic
 + Level 3.1 Poison Magic
 + Level 6.3 Invocations
 + Level 3.8 Evocations


You had 15 spell levels left.
You didn't know any spells.
Your spell library was empty.

Dungeon Overview and Level Annotations

Branches:
Dungeon (6/15)              Sewer (visited)
 Temple: D:4-7

Altars:
Ashenzari
Elyvilon
Fedhas
Kikubaaqudgha
Nemelex Xobeh
Sif Muna
Trog
Wu Jian
Yredelemnul
Zin


Innate Abilities, Weirdness & Mutations

Your experience applies equally to all skills.
You have very sharp teeth.
Your uncanny sense of smell can sniff out nearby items.


Message History

You closely miss the orc priest.
The orc priest mumbles some strange prayers to Beogh against you.
Beogh smites you!
* * * LOW HITPOINT WARNING * * *
The orc priest hits you with a +0 morningstar.
* * * LOW HITPOINT WARNING * * *
Unknown command.
It was a potion of curing.
You feel better. The orc priest closely misses you.
The orc warrior closely misses you.
Press: ? - help, Shift-Dir - straight line, f - orc priest
Aim: an orc priest (moderately wounded, chance to defeat MR: 84%)
The orc priest is devoured by a tear in reality.
Lugonu claims a new guest.
The orc warrior completely misses you.
Press: ? - help, Shift-Dir - straight line, f - orc priest
Aim: an orc priest, wielding a +0 morningstar and wearing a cursed +0 ring mail (translocational energy, heavily wounded, chance to defeat MR: 84%)
The orc priest is devoured by a tear in reality.
Lugonu claims a new guest.
The orc warrior hits you from afar with a +0 glaive!!
You die...

# .......# .......#
###+###.....##
#§.§..#......#
###§§§≈.#......#
#)§@§§..'......#
......o#§§.≈.#......#
......##.....#......##
......
###'###....#..## .....
#.......###).### .....
##[....## ##...# ....
#....## #..... #...
###### ##.....
##......


You could see an orc warrior.

Vanquished Creatures
  An orc warrior (D:6)
  An ice beast (D:5)
  An ogre (D:6)
  2 phantoms (D:5)
  2 centaurs (D:5)
  2 bullfrogs (Sewer)
  A scorpion (D:5)
  3 wights (D:6)
  A howler monkey (D:6)
  2 orc priests
  7 orc wizards
  3 worker ants
  A hound zombie (D:6)
  A hound skeleton (D:6)
  2 worker ant zombies (D:5)
  Robin (D:3)
  14 adders
  4 gnolls
  A shadow imp (D:6)
  A white imp (D:5)
  An ufetubus (D:5)
  4 oozes (Sewer)
  An adder skeleton (D:4)
  An adder zombie (D:5)
  A worm (D:3)
  A dart slug (D:2)
  12 leopard geckos
  12 orcs
  10 ball pythons
  17 giant cockroaches
  8 goblins
  5 hobgoblins
  8 jackals
  2 quokkas
  3 bats
  14 frilled lizards
  A giant cockroach zombie (D:6)
  2 gnoll zombies (D:5)
  3 kobolds
  4 rats
161 creatures vanquished.

Notes
Turn   | Place    | Note
-------+----------+-------------------------------------------
     0 | Abyss:1  | Gargoyl the Gnoll Abyssal Knight began the quest for the
                  | Orb.
     0 | Abyss:1  | Reached XP level 1. HP: 23/23 MP: 3/3
    23 | Abyss:1  | Found a corrupted altar of Lugonu.
   131 | Abyss:2  | Got a pitted chain mail
   142 | Abyss:2  | Identified the +3 chain mail of the Armoured One {-Tele
                  | Harm Regen+} (You found it on level 2 of the Abyss)
   175 | Abyss:2  | Noticed an ancient zyme
   214 | Abyss:3  | Found a viscous altar of Jiyva.
   221 | Abyss:3  | Noticed a starcursed mass
   228 | D:1      | Escaped the Abyss
   310 | D:1      | Reached * piety under Lugonu
   427 | D:1      | Reached XP level 2. HP: 29/29 MP: 5/5
   793 | D:2      | Reached XP level 3. HP: 35/35 MP: 6/6
   866 | D:2      | Found a glowing silver altar of Zin.
   877 | D:2      | Found a shimmering blue altar of Sif Muna.
  1108 | D:2      | Found an ornate altar of the Wu Jian Council.
  1744 | D:3      | Reached skill level 1 in Short Blades
  1744 | D:3      | Reached skill level 1 in Long Blades
  1744 | D:3      | Reached skill level 1 in Maces & Flails
  1744 | D:3      | Reached skill level 1 in Polearms
  1744 | D:3      | Reached skill level 1 in Staves
  1744 | D:3      | Reached skill level 1 in Slings
  1744 | D:3      | Reached skill level 1 in Bows
  1744 | D:3      | Reached skill level 1 in Crossbows
  1744 | D:3      | Reached skill level 1 in Throwing
  1744 | D:3      | Reached skill level 1 in Stealth
  1744 | D:3      | Reached skill level 1 in Shields
  1744 | D:3      | Reached skill level 1 in Unarmed Combat
  1744 | D:3      | Reached skill level 1 in Spellcasting
  1744 | D:3      | Reached skill level 1 in Evocations
  1760 | D:3      | Reached XP level 4. HP: 41/41 MP: 7/7
  1792 | D:3      | Noticed Robin
  1798 | D:3      | Reached ** piety under Lugonu
  1810 | D:3      | Killed Robin
  1814 | D:3      | Reached skill level 1 in Conjurations
  1814 | D:3      | Reached skill level 1 in Hexes
  1814 | D:3      | Reached skill level 1 in Summonings
  1814 | D:3      | Reached skill level 1 in Necromancy
  1814 | D:3      | Reached skill level 1 in Translocations
  1814 | D:3      | Reached skill level 1 in Transmutations
  1814 | D:3      | Reached skill level 1 in Fire Magic
  1814 | D:3      | Reached skill level 1 in Ice Magic
  1814 | D:3      | Reached skill level 1 in Air Magic
  1814 | D:3      | Reached skill level 1 in Earth Magic
  1814 | D:3      | Reached skill level 1 in Poison Magic
  1853 | D:3      | Found an ancient bone altar of Kikubaaqudgha.
  1866 | D:3      | Found a sparkling altar of Nemelex Xobeh.
  1904 | D:3      | Reached XP level 5. HP: 15/47 MP: 8/8
  2498 | D:4      | Reached skill level 5 in Invocations
  2671 | D:4      | Reached XP level 6. HP: 53/53 MP: 9/9
  2788 | D:4      | Reached skill level 5 in Axes
  2788 | D:4      | Reached skill level 5 in Armour
  3167 | D:5      | Entered Level 5 of the Dungeon
  3167 | D:5      | Noticed a phantom
  3175 | D:5      | Killed a phantom
  3200 | D:5      | Reached XP level 7. HP: 59/59 MP: 10/10
  3239 | D:5      | Reached skill level 7 in Fighting
  3445 | D:5      | Found a blossoming altar of Fedhas.
  3447 | D:5      | Reached *** piety under Lugonu
  3667 | D:5      | Found a white marble altar of Elyvilon.
  3852 | D:5      | Reached XP level 8. HP: 67/67 MP: 12/12
  4067 | D:5      | Found a basalt altar of Yredelemnul.
  4253 | D:6      | Found a glowing drain.
  4269 | Sewer    | Entered a sewer
  4341 | Sewer    | Reached **** piety under Lugonu
  5078 | D:6      | Found a shattered altar of Ashenzari.
  5164 | D:6      | Found a bloodstained altar of Trog.
  5178 | D:6      | Reached XP level 9. HP: 18/72 MP: 14/14
  5187 | D:6      | Mangled by an orc warrior

Illustrated notes

Levels and vault maps discovered:
D:1:      wander_arrival_estate, layout_loops_ring
D:2:      layout_loops_corners, lemuel_round_altar,
          amethyst_overflow_temple_binary, serial_rivers,
          chequers_serial_rivers_small_b, chequers_serial_rivers_room_b,
          chequers_serial_rivers_large_a, chequers_serial_rivers_marsh
D:3:      layout_loops_cross, lemuel_doored_altar,
          nemelex_xobeh_ov_fountains_minmay, uniq_robin
D:4:      layout_gridville, chequers_decorated_corner
D:5:      layout_basic, fedhas_altar_2, lemuel_zombie_altar_yredelemnul,
          lemuel_round_altar
D:6:      layout_cave_pods, kennysheep_little_box,
          ashenzari_conservatory_becter, serial_glass, glass_columns_b,
          glass_columns_a, cheibrodos_sewer_entry_drain,
          lightli_ossuary_entry_decrepit_ruins

Skill      XL: |  1  2  3  4  5  6  7  8 |
---------------+-------------------------+-----
Short Blades   | 1 2 3 |  3.8
Long Blades    | 1 2 3 |  3.8
Maces & Flails | 1 2 3 |  3.8
Polearms       | 1 2 3 |  3.8
Staves         | 1 2 3 |  3.8
Slings         | 1 2 3 |  3.8
Bows           | 1 2 3 |  3.8
Crossbows      | 1 2 3 |  3.8
Throwing       | 1 2 3 |  3.8
Stealth        | 1 2 3 |  3.8
Shields        | 1 2 3 |  3.8
Unarmed Combat | 1 2 3 |  3.8
Spellcasting   | 1 2 3 |  3.8
Evocations     | 1 2 3 |  3.8
Conjurations   | 1 2 3 |  3.1
Hexes          | 1 2 3 |  3.1
Summonings     | 1 2 3 |  3.1
Necromancy     | 1 2 3 |  3.1
Translocations | 1 2 3 |  3.1
Transmutations | 1 2 3 |  3.1
Fire Magic     | 1 2 3 |  3.1
Ice Magic      | 1 2 3 |  3.1
Air Magic      | 1 2 3 |  3.1
Earth Magic    | 1 2 3 |  3.1
Poison Magic   | 1 2 3 |  3.1
Dodging        | 3 4 |  4.7
Invocations    | 5 6 |  6.3
Axes           | 5 6 |  6.0
Armour         | 5 6 |  6.0
Fighting       | 7 |  7.6

Action                   |  1- 3 |  4- 6 |  7- 9 || total
-------------------------+-------+-------+-------++-------
Melee: Hand axe          |    63 |   129 |   253 ||   445
       Bite              |     7 |    12 |    26 ||    45
       Punch             |     1 |     1 |     2 ||     4
Throw: Boomerang         |       |     5 |       ||     5
Invok: Depart the Abyss  |     1 |       |       ||     1
       Banish            |       |       |     2 ||     2
  Use: Scroll            |     8 |     4 |     6 ||    18
       Potion            |       |       |     2 ||     2
Armor: Chain mail        |    41 |    79 |   149 ||   269
Dodge: Dodged            |    27 |    41 |   159 ||   227
Block: Other             |       |    23 |    65 ||    88
       Reflection        |       |     1 |     1 ||     2

Table legend: (Time is in decaauts)
 A = Elapsed time spent in this place.
 B = Non-inter-level travel time spent in this place.
 C = Inter-level travel time spent in this place.
 D = Time resting spent in this place.
 E = Time spent auto-exploring this place.
 F = Levels seen in this place.
 G = Mean time per level.
                   A        B        C        D        E       F      G
               +--------+--------+--------+--------+--------+-----+--------+
         Total |   5336 |   5200 |    136 |    294 |   3688 |  10 |  533.6 |
       Dungeon |   4641 |   4505 |    136 |    294 |   3336 |   6 |  773.5 |
         Abyss |    227 |    227 |      0 |      0 |    160 |   3 |   75.7 |
         Sewer |    466 |    466 |      0 |      0 |    191 |   1 |  466.0 |
               +--------+--------+--------+--------+--------+-----+--------+

Top non-repeatable levels by time:
     D:5: 1004 daAuts
     D:2: 911 daAuts
     D:4: 824 daAuts
     D:3: 715 daAuts
     D:6: 672 daAuts
     D:1: 513 daAuts
   Sewer: 466 daAuts
 Abyss:2: 114 daAuts
 Abyss:1: 99 daAuts
 Abyss:3: 13 daAuts
